[Event "VIII Open Semana Santa 2024"]
[Site "San Vicente del Raspeig"]
[Date "2024.03.29"]
[Round "5.6"]
[White "Makhnev, Denis"]
[Black "Martin, Julian"]
[Result "1-0"]
[ECO "E08"]
[WhiteElo "2516"]
[BlackElo "2408"]
[Annotator "TA"]
[PlyCount "85"]
[EventDate "2024.03.27"]
[EventType "swiss"]
[EventCountry "ESP"]
[SourceTitle "playchess.com"]
[Source "ChessBase"]
[SourceQuality "1"]
[TimeControl "5400+30"]

1. Nf3 Nf6 2. c4 e6 3. g3 d5 4. d4 Be7 5. Bg2 O-O 6. O-O Nbd7 7. Qc2 a5 8. Nbd2 c5 9. Rd1 cxd4 {[%emt 0:11:41] The position is equal.} 10. Nxd4 e5 11. Nf5 d4 12. e3 Nc5 13. Nxe7+ Qxe7 14. exd4 exd4 15. Nb3 Bg4 16. f3 $1 (16. Rxd4 Qe1+ 17. Bf1 Nxb3 18. axb3 (18. Qxb3 $2 Be2 $19) 18... Rfe8 19. Rxg4 Nxg4 $15) 16... d3 17. Qf2 Nxb3 18. axb3 Bf5 19. Bf1 Rfd8 20. Bd2 Qc7 $1 21. Be3 {[%emt 0:04:37][%cal Bd2e3,Be3b6,Bb6a5,Ba5b4,Bb4e7][%mdl 32] Bb6 would now be deadly.} Qc6 {[%emt 0:09:02] White leaves nothing to chance now.} 22. Bb6 Rd6 23. Rxa5 Rxa5 24. Bxa5 b5 25. Bb4 Rd8 26. Be7 $36 {[%emt 0:00:06][%mdl 2048] White is on the roll.} Rd7 {[%emt 0:07:32] [#]} (26... Re8 $16 {was called for.} 27. Bxf6 (27. Bxd3 Bxd3 28. Bxf6 bxc4 $14) 27... gxf6) 27. Qc5 $1 $18 Qxc5+ 28. Bxc5 g5 (28... h5 $142 29. cxb5 Rd5) 29. g4 (29. cxb5 g4 30. fxg4 Nxg4) 29... Bg6 30. Kf2 ({Resist} 30. cxb5 $6 Rd5 $18) 30... h5 31. h3 ({And not} 31. cxb5 hxg4 32. Bg2 gxf3 33. Bxf3 Ne4+ 34. Bxe4 Bxe4 $11) 31... hxg4 32. hxg4 Ne8 33. cxb5 Rd5 34. b4 Nc7 (34... Nd6 $142 35. Bxd6 (35. b6 Nb7 $18) 35... Rxd6) 35. b6 Na6 36. b7 Rd7 {[%emt 0:00:40] [#]} 37. b5 $1 Nb8 38. b6 Rxb7 39. Bxd3 Nd7 40. Ba6 Nxc5 41. Bxb7 Nxb7 42. Rd7 Nc5 43. Rc7 {[%emt 0:00:12] Weighted Error Value: White=0.20 (precise) /Black=0.37.  Mistake:       	---       	Black=3      Inaccurate:     	White=1     	Black=4      OK:         	White=17    	Black=12     Best:        	White=3     	Black=2      Strong:       	White=2     	Black=1} 1-0

[Event "VIII Open Semana Santa 2024"]
[Site "San Vicente del Raspeig"]
[Date "2024.03.29"]
[Round "5.7"]
[White "Heimann, Mark"]
[Black "Basso, Pier Luigi"]
[Result "1-0"]
[ECO "C84"]
[WhiteElo "2435"]
[BlackElo "2503"]
[Annotator "TA"]
[PlyCount "115"]
[EventDate "2024.03.27"]
[EventType "swiss"]
[EventCountry "ESP"]
[SourceTitle "playchess.com"]
[Source "ChessBase"]
[SourceQuality "1"]
[TimeControl "5400+30"]

1. e4 e5 2. Nf3 Nc6 3. Bb5 a6 4. Ba4 Nf6 5. O-O Nxe4 6. d4 Be7 7. Re1 b5 8. Rxe4 {[%emt 0:02:18] [#] Und jetzt Bb3 wäre schön.} (8. Nxe5 Nxe5 9. dxe5 Bb7 $11 (9... Nxf2 10. Qf3 $11)) (8. dxe5 Nxf2 9. Kxf2 bxa4 $17) 8... d5 9. Nxe5 Nxe5 10. Rxe5 {[%emt 0:00:32] Weiß steht etwas besser.} bxa4 11. Nc3 O-O 12. Qh5 (12. Nxa4 $14 {kam in Betracht.} Bd6 13. Re3 (13. Rxd5 Bxh2+ 14. Kxh2 Qxd5 $17)) 12... c6 (12... Bd6 $11 13. Re1 (13. Rxd5 c6 $17) 13... Re8) 13. Nxa4 $14 g6 14. Qh6 Bf6 ({Vorzuziehen ist} 14... Bf5 $14) 15. Bg5 $16 {[%emt 0:02:58] Weiß steht deutlich aktiver. Die schwarzen Türme stehen passiv.} Bxg5 16. Rxg5 (16. Qxg5 $2 f6 17. Qg3 fxe5 $19) 16... Qe7 {[%emt 0:03:25] Lässt Re1 nicht zu} 17. c3 {[%emt 0:03:49] Pariert Qb4.} f5 18. h4 Re8 19. Nc5 Rb8 20. Nd3 Qg7 21. Qxg7+ Kxg7 22. h5 ({Günstiger ist} 22. b4) 22... Kf6 {[%emt 0:02:35] Wehrt Ne5 ab} (22... f4 $16 {war nötig.}) 23. f4 $18 Re3 24. Rd1 a5 25. Kf2 Re4 {[%emt 0:01:50] Droht ...Ba6 und aus.} 26. hxg6 (26. Kg3 $142) 26... hxg6 $16 27. Kg3 Re3+ {[%emt 0:05:53] [#]} 28. Kh2 $1 Ba6 (28... Be6 $16 29. Kg1 Rb7) 29. Nc5 $18 {[%emt 0:02:08] Nd7+ wäre nun fies.} Rh8+ 30. Kg1 Bc8 31. Kf2 Rhe8 32. Rd2 {[%emt 0:00:04] Lässt Re2+ nicht zu} Re1 33. Nd3 Ra1 34. Ne5 Rg8 35. a3 $36 {[%emt 0:00:25][%mdl 2048] Schwarz steht unter starkem Druck.} (35. Nxc6 Rxa2 36. Ne5 a4 $16) 35... Bb7 36. Nd7+ Kf7 37. Nc5 (37. Ne5+ Kf6 38. Rd3 Ba6 $16) 37... Rb8 (37... Bc8 $142 38. Re2 Rh8) 38. Re2 Rb1 39. Kg3 {[%emt 0:01:09] Schwarz muss nun Re6 beachten.} (39. Nd7 Ba6 $18) 39... Bc8 $2 (39... Ba8 {ist wohl besser.} 40. Re6 (40. Nd3 Rg8 $18) 40... Rg8) 40. Nd3 Ba6 41. Ne5+ Kg7 42. Rxg6+ Kh7 43. Re3 {[%emt 0:00:04] jetzt Kh2 und aus.} Rh1 44. b4 ({Keinesfalls} 44. Nxc6 Kxg6 45. Nxb8 Bc4) 44... Re8 45. Rg5 (45. bxa5 Rxe5 46. Rxe5 Kxg6 47. Re6+ Kh5 48. Rxc6 Bd3 $11) 45... a4 46. Rxf5 Rg8+ 47. Rg5 Rxg5+ 48. fxg5 {[%emt 0:00:01][%mdl 4096] Endspiel. KRB-KRN} Ra1 49. g6+ Kg8 50. Kf4 {[%emt 0:01:29] Und Ng4 würde nun gewinnen.} Rxa3 51. Kg5 {[%emt 0:00:06] Weiß setzt Matt.} Ra2 52. Ng4 Re2 53. Kf6 Rxe3 54. Nh6+ Kf8 55. g7+ Ke8 56. g8=Q+ (56. g8=R+ Kd7 57. Ra8 (57. Rg7+ Kc8 $11) 57... Bb5 $11) 56... Kd7 57. Nf5 Rxc3 58. Qa8 {[%emt 0:00:20] Gewichteter Fehlerwert: Weiß=0.13 (sehr präzise) /Schwarz=0.41.  Fehler:       	Weiß=3     	Schwarz=6     Ungenau:       	Weiß=1     	Schwarz=2     OK:         	Weiß=19    	Schwarz=14    Bester:       	Weiß=4     	---        Stark:        	Weiß=1     	---} 1-0

[Event "VIII Open Semana Santa 2024"]
[Site "San Vicente del Raspeig"]
[Date "2024.03.29"]
[Round "5.8"]
[White "Ceres, Dragos"]
[Black "Zylka, Stanislaw"]
[Result "1-0"]
[ECO "C54"]
[WhiteElo "2482"]
[BlackElo "2401"]
[Annotator "TA"]
[PlyCount "103"]
[EventDate "2024.03.27"]
[EventType "swiss"]
[EventCountry "ESP"]
[SourceTitle "playchess.com"]
[Source "ChessBase"]
[SourceQuality "1"]
[TimeControl "5400+30"]

1. e4 e5 2. Nf3 Nc6 3. Bc4 Bc5 4. O-O Nf6 5. d3 d6 6. c3 a6 7. a4 {[%emt 0:00:05] C54: Giuoco Piano: 4 c3 Nf6, main lines with 5 d4 and 5 d3.} Ba7 8. Re1 $1 {[%emt 0:00:10] 8.Re1 is better than 8.Nbd2.} O-O 9. h3 b5 10. Bb3 b4 11. Bg5 Rb8 12. Nbd2 Be6 $146 ({Predecessor:} 12... h6 13. Be3 Bxe3 14. Rxe3 Na5 15. Bc2 c5 16. Nc4 Be6 17. Nxa5 Qxa5 18. c4 Qc7 {1-0 Efroimski,M (2462)-Balajayeva,K (2379) Shusha Rapid (Women) 2022 (3)}) 13. Bc2 Ne7 14. d4 Ng6 15. a5 h6 16. Be3 bxc3 17. bxc3 c5 18. Bd3 Bc8 19. dxe5 dxe5 20. Qe2 Qd6 21. Nc4 Qc7 22. Reb1 Bb7 23. Nfd2 Rbd8 (23... Bc6 $11 {remains equal.}) 24. Rb2 Rfe8 (24... Bc6 $14) 25. Bc2 $16 Re7 26. Rab1 Bc6 27. Nb6 Bxb6 (27... Bb7 $16 {was necessary.} 28. Nd5 Nxd5 (28... Bxd5 29. exd5 Nxd5 30. Bxg6 $16) 29. Rxb7 Qc8) 28. axb6 $18 (28. Rxb6 $6 Nd7 $16) 28... Qb7 29. Nb3 Qxb6 30. Bxc5 (30. Nxc5 $6 Nf4 31. Qe1 (31. Qxa6 Qxa6 32. Nxa6 Ne2+ 33. Kh2 Nxc3 $11) (31. Rxb6 Nxe2+ 32. Kh2 Bb5 $14) 31... Qa5) 30... Qc7 31. Bxe7 (31. Qxa6 Ra8 32. Qf1 Rd7 $16) 31... Qxe7 32. Na5 (32. Qxa6 Bxe4) 32... Nf4 33. Qf3 ({White should play} 33. Qxa6 $18 Bd7 34. Nc6 Bxc6 35. Qxc6) 33... Ba8 (33... Bd7 $16 {was called for.} 34. Rb8 Rxb8 35. Rxb8+ Kh7) 34. Rb8 $18 Kh7 (34... Nd7 $142 35. Rxd8+ Qxd8) 35. Rxd8 $18 Qxd8 36. Nc4 Qc7 37. Nb6 Bb7 38. Kh2 Kg8 39. g3 Ne6 40. Nd5 Nxd5 (40... Bxd5 $142 41. exd5 Nf8) 41. exd5 $18 Ng5 42. Qd1 Qc5 43. Rxb7 Qxf2+ 44. Kh1 g6 45. Rb2 Qxg3 46. Bf5 gxf5 47. d6 Kh7 (47... Qxh3+ $142 48. Rh2 Qxc3) 48. d7 $18 Ne6 49. Qf1 (49. d8=R Nxd8 50. Qxd8 Qxc3 $16) (49. d8=B Qxc3 50. Ra2 (50. Rb3 $2 Qc6+ 51. Rf3 Nxd8 $19) 50... Qxh3+ 51. Rh2 Qc3 $11) 49... f4 $2 (49... Qg5 50. Rb8 (50. Qxa6 $2 Qc1+ 51. Kh2 Qxb2+ $19) 50... Nd8) 50. Qb1+ $18 (50. Qxa6 Qe1+ (50... Qxc3 51. Qe2 $11) (50... Qxh3+ 51. Kg1 $17) 51. Kh2 Qg3+ (51... Qxc3 $2 52. Rg2 $18) 52. Kh1 Qxh3+ (52... Qxc3 53. Qe2 $11) 53. Kg1 Qxc3 $15) 50... Kh8 51. Rb8+ Kg7 52. Qg1 ({Worse is} 52. d8=R Qxh3+ 53. Kg1 Qg3+ 54. Kf1 Qh3+ 55. Kg1 Qg3+ 56. Kf1 Qh3+ 57. Ke2 Qg4+ 58. Kd2 Nxd8 59. Rxd8 f3 $11) 1-0

[Event "VIII Open Semana Santa 2024"]
[Site "San Vicente del Raspeig"]
[Date "2024.03.29"]
[Round "5.9"]
[White "Vetokhin, Savva"]
[Black "Solodovnichenko, Yuri"]
[Result "1-0"]
[ECO "D45"]
[WhiteElo "2427"]
[BlackElo "2481"]
[Annotator "TA"]
[PlyCount "71"]
[EventDate "2024.03.27"]
[EventType "swiss"]
[EventCountry "ESP"]
[SourceTitle "playchess.com"]
[Source "ChessBase"]
[SourceQuality "1"]
[TimeControl "5400+30"]

1. d4 d5 2. c4 e6 3. Nc3 c6 4. e3 Nf6 5. Nf3 Nbd7 6. Be2 Bd6 7. O-O O-O 8. b3 b6 9. a4 a5 10. Bb2 Bb7 {[%emt 0:01:47] The position is equal.} 11. Bd3 Re8 12. Re1 Bb4 13. Rf1 Bd6 14. Rc1 Rc8 15. h3 h6 16. Qe2 Qe7 17. Rfe1 Bb4 (17... e5 {is interesting.} 18. dxe5 Nxe5 19. cxd5 Nxf3+ 20. Qxf3 Qe5) 18. Red1 Rcd8 19. Bb1 Bd6 20. Re1 Bb4 21. Red1 Bd6 22. Bd3 Bb4 23. e4 dxe4 24. Nxe4 Nxe4 25. Bxe4 f5 26. Bc2 c5 27. d5 exd5 28. Qxe7 Rxe7 29. cxd5 g6 30. Bd3 Kh7 (30... Bxd5 $11 {remains equal.} 31. Bb5 Bxb3) 31. Bb5 $16 Rf7 (31... Kg8 $16 {might work better.} 32. Ne1 Kf8) 32. Bc4 Rff8 33. Ne5 Nb8 {[%emt 0:01:01] [#]} (33... Nxe5 34. Bxe5 h5) 34. d6 $18 Nc6 35. Bb5 Nd4 36. Bxd4 {[%emt 0:00:05] Weighted Error Value: White=0.04 (flawless) /Black=0.26 (precise) .  Mistake:       	---       	Black=3      Inaccurate:     	---       	Black=1      OK:         	White=13    	Black=11     Best:        	White=1     	---} 1-0

[Event "VIII Open Semana Santa 2024"]
[Site "San Vicente del Raspeig"]
[Date "2024.03.29"]
[Round "5.10"]
[White "Garriga Cazorla, Pere"]
[Black "Tippa, Aswath Srisai"]
[Result "1-0"]
[ECO "D52"]
[WhiteElo "2460"]
[BlackElo "1647"]
[Annotator "RC"]
[PlyCount "125"]
[EventDate "2024.03.27"]
[EventType "swiss"]
[EventCountry "ESP"]
[SourceTitle "playchess.com"]
[Source "ChessBase"]
[SourceQuality "1"]
[TimeControl "5400+30"]

1. d4 d5 2. c4 e6 3. Nc3 Nf6 4. Nf3 c6 5. Bg5 Nbd7 6. e3 Qa5 7. cxd5 Nxd5 8. Rc1 Nxc3 9. bxc3 Ba3 10. Rc2 O-O 11. Bd3 b6 12. h4 Ba6 13. Bxa6 Qxa6 14. Qe2 Qxe2+ 15. Kxe2 Bd6 16. e4 f6 17. Be3 h5 18. Rd1 Rfd8 19. Nd2 Rac8 20. a4 Kf7 21. g3 Be7 22. a5 b5 23. c4 Ke8 24. Rdc1 Ba3 25. Rb1 bxc4 26. Nxc4 Be7 27. Rb7 Ra8 28. a6 Nb8 29. Na5 Rd7 30. Rcb2 Nxa6 31. Nxc6 Bd6 32. f4 Rc7 33. Rxc7 Bxc7 34. d5 Kd7 35. Kd3 f5 36. Bxa7 fxe4+ 37. Kxe4 Bd6 38. Bb6 Rc8 39. Nd4 exd5+ 40. Kxd5 Rb8 41. Nc6 Rc8 42. Ne5+ Bxe5 43. fxe5 Rc6 44. Rb1 Rg6 45. Ba5 Nc7+ 46. Bxc7 Kxc7 47. Ra1 Rxg3 48. Ra7+ Kd8 49. Kd6 Rd3+ 50. Ke6 Rd4 51. Rxg7 Rxh4 52. Rg8+ Kc7 53. Kf7 Re4 54. e6 Kd6 55. Rd8+ Ke5 56. Rh8 Rf4+ 57. Ke7 h4 58. Rh5+ Ke4 59. Kd6 Rf6 60. Rxh4+ Kf5 61. Rh5+ Kg6 62. Re5 Kg7 63. Kd7 1-0

[Event "VIII Open Semana Santa 2024"]
[Site "San Vicente del Raspeig"]
[Date "2024.03.29"]
[Round "5.11"]
[White "Niedbala, Bartlomiej"]
[Black "Shuvalova, Polina"]
[Result "1/2-1/2"]
[ECO "C47"]
[WhiteElo "2388"]
[BlackElo "2455"]
[Annotator "TA"]
[PlyCount "36"]
[EventDate "2024.03.27"]
[EventType "swiss"]
[EventCountry "ESP"]
[SourceTitle "playchess.com"]
[Source "ChessBase"]
[SourceQuality "1"]
[TimeControl "5400+30"]

1. e4 e5 2. Nf3 Nc6 3. Nc3 Nf6 4. d4 exd4 5. Nxd4 Bb4 6. Nxc6 bxc6 7. Bd3 O-O 8. O-O d5 9. exd5 cxd5 {[%emt 0:00:15] The position is equal.} 10. h3 {[%emt 0:00:21] Prevents Bg4} c6 11. Qf3 Bd6 12. Bf4 Rb8 13. b3 Rb4 14. Ne2 Bxf4 15. Nxf4 Qd6 16. Nh5 Nxh5 17. Qxh5 {[%emt 0:00:02][%csl Gd3][%cal Rh5h7] [#]} g6 18. Qg5 Kg7 {[%emt 0:05:16] Not much happened in this game.   Weighted Error Value: White=0.02 (flawless) /Black=0.03 (flawless) .  OK:         	White=4     	Black=5} 1/2-1/2

[Event "VIII Open Semana Santa 2024"]
[Site "San Vicente del Raspeig"]
[Date "2024.03.29"]
[Round "5.12"]
[White "Trigo Urquijo, Sergio"]
[Black "Muthaiah AL"]
[Result "1/2-1/2"]
[ECO "E48"]
[WhiteElo "2387"]
[BlackElo "2454"]
[Annotator "TA"]
[PlyCount "23"]
[EventDate "2024.03.27"]
[EventType "swiss"]
[EventCountry "ESP"]
[SourceTitle "playchess.com"]
[Source "ChessBase"]
[SourceQuality "1"]
[TimeControl "5400+30"]

1. d4 Nf6 2. c4 e6 3. Nc3 Bb4 4. e3 O-O 5. Bd3 d5 6. cxd5 exd5 7. a3 Bd6 8. Qc2 a6 9. Nge2 Re8 10. Bd2 c5 11. dxc5 Bxc5 12. Nb5 {[%emt 0:02:57] A rather calm draw.   Weighted Error Value: White=0.00 (flawless) /Black=0.06 (flawless) .  OK:         	White=2     	Black=1      Best:        	White=1     	---} 1/2-1/2

[Event "VIII Open Semana Santa 2024"]
[Site "San Vicente del Raspeig"]
[Date "2024.03.29"]
[Round "5.14"]
[White "Beydullayeva, Govhar"]
[Black "Gkoumas, Georgios"]
[Result "1-0"]
[ECO "D36"]
[WhiteElo "2374"]
[BlackElo "2445"]
[Annotator "TA"]
[PlyCount "67"]
[EventDate "2024.03.27"]
[EventType "swiss"]
[EventCountry "ESP"]
[SourceTitle "playchess.com"]
[Source "ChessBase"]
[SourceQuality "1"]
[TimeControl "5400+30"]

1. d4 Nf6 2. c4 e6 3. Nf3 d5 4. Nc3 c6 5. Bg5 Be7 6. e3 Nbd7 7. Qc2 O-O 8. cxd5 exd5 9. Bd3 h6 10. Bh4 Re8 11. O-O Ne4 12. Bxe4 Bxh4 13. Bh7+ Kh8 14. Nxh4 Qxh4 15. Bd3 Nf6 16. Rae1 {[%emt 0:06:07] White is slightly better.} Be6 17. f3 Rac8 18. Ne2 (18. Qf2 {simplifies} Qxf2+ 19. Kxf2 g6 20. Rc1) 18... Bd7 19. Nf4 Nh5 20. Nxh5 (20. g3 $5 Qg5 $8 21. Ng2 $11) 20... Qxh5 21. Qb3 Rb8 22. Qa3 a6 23. Bc2 Qg5 24. Qd3 g6 25. e4 dxe4 26. fxe4 Kg8 27. Bb3 Re7 {[%emt 0:04:24] [#]} (27... Be6 $11 {keeps the balance.}) 28. Re3 ({White should try} 28. Qf3 $1 $16) 28... Be6 $1 $14 29. Rg3 $36 {[%emt 0:01:25][%mdl 2048] Black is under pressure.} Qh5 30. d5 Bg4 {[%emt 0:05:02][%mdl 8192] This costs Black the game.} (30... cxd5 $11 {and Black is okay.} 31. exd5 Rd7) 31. Qd4 $18 Rbe8 32. Qf6 (32. h3 $142 Be2 33. d6 Bxf1 34. dxe7) 32... Be2 $2 {[%emt 0:01:31] [#]} (32... cxd5 $18 33. h3 (33. Bxd5 Be6 $16) (33. exd5 Re1 $18) 33... Bd7 34. Bxd5 g5) 33. d6 Bxf1 34. Rxg6+ {[%emt 0:00:17] Weighted Error Value: White=0.28 (precise) /Black=0.65.  Loses game:     	---       	Black=1      Mistake:       	White=2     	Black=2      OK:         	White=9     	Black=8      Best:        	White=1     	---        Strong:       	---       	Black=1} 1-0

[Event "VIII Open Semana Santa 2024"]
[Site "San Vicente del Raspeig"]
[Date "2024.03.29"]
[Round "5.15"]
[White "Aronsson, Marten"]
[Black "Espinosa Aranda, Angel"]
[Result "1/2-1/2"]
[ECO "A30"]
[WhiteElo "2285"]
[BlackElo "2440"]
[Annotator "TA"]
[PlyCount "32"]
[EventDate "2024.03.27"]
[EventType "swiss"]
[EventCountry "ESP"]
[SourceTitle "playchess.com"]
[Source "ChessBase"]
[SourceQuality "1"]
[TimeControl "5400+30"]

1. Nf3 Nf6 2. g3 b6 3. Bg2 Bb7 4. c4 c5 5. O-O g6 6. Nc3 Bg7 7. d3 O-O 8. e4 d6 9. h3 Nc6 10. Be3 Nd7 11. Qd2 Nde5 12. Ne2 (12. Nh4 $142) 12... e6 {[%emt 0:05:59] Black has an edge.} 13. Ne1 Ne7 14. f4 N5c6 15. d4 cxd4 16. Nxd4 Nxd4 {[%emt 0:01:56] A rather calm draw.   Weighted Error Value: White=0.20 (precise) /Black=0.16 (very precise) .  Mistake:       	White=1     	---        Inaccurate:     	White=1     	Black=2      OK:         	---       	Black=1} 1/2-1/2

[Event "VIII Open Semana Santa 2024"]
[Site "San Vicente del Raspeig"]
[Date "2024.03.29"]
[Round "5.16"]
[White "Movsziszian, Karen"]
[Black "Hernandez, Cristian Andres"]
[Result "1-0"]
[ECO "A03"]
[WhiteElo "2439"]
[BlackElo "2333"]
[Annotator "TA"]
[PlyCount "69"]
[EventDate "2024.03.27"]
[EventType "swiss"]
[EventCountry "ESP"]
[SourceTitle "playchess.com"]
[Source "ChessBase"]
[SourceQuality "1"]
[TimeControl "5400+30"]

1. d3 d5 2. f4 Nc6 3. Nf3 Bg4 4. Nbd2 Qd6 5. g3 e5 6. fxe5 Nxe5 7. Bg2 Nxf3+ 8. Nxf3 {[%emt 0:02:08] The position is equal.} Qb6 9. c3 Bc5 10. Qa4+ Bd7 11. Qb3 Ne7 12. Bf4 Ng6 13. d4 Nxf4 14. gxf4 Qxb3 15. axb3 Bd6 16. Ne5 f6 17. Nxd7 Kxd7 18. e3 c6 19. c4 dxc4 20. bxc4 f5 21. c5 Be7 22. h4 a5 23. Ke2 Rhb8 24. h5 b6 25. cxb6 ({But not} 25. Bh3 bxc5 26. Bxf5+ Kc7 $15) 25... Rxb6 26. Ra2 Rb5 (26... a4 $11) 27. Rc1 $14 Ra6 28. Rc2 Rab6 29. Kf3 {[%emt 0:00:04] Bf1 is the strong threat.} Bb4 $2 {[%emt 0:04:47] [#] This move loses the game for Black.} ({Better is} 29... a4 $14) 30. Bf1 $18 Rd5 31. Rg2 g6 32. hxg6 hxg6 33. Rxg6 Ke7 (33... Kc7 $16 {was called for.} 34. Bc4 Rd8) 34. b3 Rd8 35. Rh2 {[%emt 0:01:51] Weighted Error Value: White=0.06 (flawless) /Black=0.28 (precise) .  Mistake:       	---       	Black=3      Inaccurate:     	White=1     	Black=4      OK:         	White=9     	Black=7      Best:        	White=1     	Black=2} 1-0

[Event "VIII Open Semana Santa 2024"]
[Site "San Vicente del Raspeig"]
[Date "2024.03.29"]
[Round "5.17"]
[White "Ilinca, Felix-Antonio"]
[Black "Adhiban, B.."]
[Result "1/2-1/2"]
[ECO "B53"]
[WhiteElo "2373"]
[BlackElo "2541"]
[Annotator "TA"]
[PlyCount "132"]
[EventDate "2024.03.27"]
[EventType "swiss"]
[EventCountry "ESP"]
[SourceTitle "playchess.com"]
[Source "ChessBase"]
[SourceQuality "1"]
[TimeControl "5400+30"]

1. e4 c5 2. Nf3 d6 3. d4 cxd4 4. Qxd4 Nc6 5. Qe3 g6 6. c4 {[%emt 0:00:21] B53: Sizilianisch (Ungarische Variante).} Nh6 7. Nc3 Bg7 8. Be2 O-O 9. O-O f5 10. c5 $146 ({Predecessor:} 10. exf5 Nxf5 11. Qd2 Nfd4 12. Nxd4 Nxd4 13. Bd1 Be6 14. b3 b5 15. cxb5 Nxb5 16. Bb2 {0-1 Priyanka,K (2146)-Ilamparthi,A (2336) Rilton Cup 50th 2022 (7)}) 10... Ng4 11. Qd3 dxc5 12. Qc4+ Kh8 13. Qxc5 fxe4 14. Nxe4 Bf5 15. Rd1 Qc8 16. Ng3 Nd4 17. Qxc8 Nxe2+ 18. Nxe2 Raxc8 19. Nc3 Rxc3 20. bxc3 Bxc3 21. Ba3 Bxa1 22. Rxa1 Re8 23. Re1 Kg8 24. Rxe7 Rxe7 25. Bxe7 Kf7 26. Bb4 h5 27. Nd4 Bd7 28. Bd6 b5 29. a3 Kf6 30. f4 a6 31. h3 Ne3 32. Kf2 Nc4 33. Bc5 Bc8 34. Bf8 Nb6 35. Bc5 Nd5 36. Bd6 Nc3 37. Bb4 Nd5 38. Bd6 Kf7 39. Kf3 Bb7 40. Kf2 Nc3 41. Bb4 Nd1+ 42. Ke2 Nb2 43. g4 Bg2 44. f5 Bxh3 45. fxg6+ Kxg6 46. gxh5+ Kxh5 47. Nc6 Kg6 48. Ke3 Kf7 49. Kd4 Ke8 50. Kc5 Kd7 51. Nb8+ Kc7 52. Nxa6+ Kb7 53. Kxb5 Bf1+ 54. Kc5 $1 Kxa6 55. Bc3 Nd3+ 56. Kd4 Kb5 57. Bb4 (57. a4+ Kc6 58. Ke3 Nc5 $15) 57... Nf4 58. Ke3 Ne6 (58... Nd5+ $2 59. Kd2 $19) 59. Ke4 Kc6 60. Ke5 Nc7 61. Bd6 Na8 62. Bb4 Nb6 63. Be7 Bh3 64. Bb4 Nc4+ 65. Kd4 Be6 66. Bf8 Nb6 1/2-1/2

[Event "VIII Open Semana Santa 2024"]
[Site "San Vicente del Raspeig"]
[Date "2024.03.29"]
[Round "5.18"]
[White "Arkell, Keith C"]
[Black "Bora, Safal"]
[Result "0-1"]
[ECO "D75"]
[WhiteElo "2371"]
[BlackElo "2490"]
[Annotator "TA"]
[PlyCount "138"]
[EventDate "2024.03.27"]
[EventType "swiss"]
[EventCountry "ESP"]
[SourceTitle "playchess.com"]
[Source "ChessBase"]
[SourceQuality "1"]
[TimeControl "5400+30"]

1. d4 Nf6 2. Nf3 g6 3. c4 Bg7 4. Nc3 d5 5. cxd5 Nxd5 6. g3 O-O 7. Bg2 Nxc3 8. bxc3 c5 9. O-O Nc6 10. e3 Be6 11. Nd2 {[%emt 0:02:56] D75: Fianchetto Grünfeld: Main Line with 7...c5.} cxd4 12. cxd4 Bd5 13. Bb2 Bxg2 $146 ({Predecessor:} 13... e5 14. e4 Bxa2 15. Rxa2 exd4 16. Qb3 Na5 17. Qb4 b6 18. Rd1 Re8 19. f4 Rc8 20. e5 Bf8 21. Qb5 d3 22. Ne4 {1-0 Tessedik,K (1868)-Darazs,Z (2124) Budapest FS10 FM-A1 2012 (2)}) 14. Kxg2 e5 15. dxe5 Nxe5 16. Rb1 Qd5+ 17. Nf3 Qe4 18. Bxe5 Bxe5 19. Qd7 b6 20. Rfc1 Rad8 21. Qc6 (21. Qxa7 $2 g5 22. h3 (22. Qxb6 $2 {too greedy.} g4 $19) 22... h5 $17) 21... Qxc6 22. Rxc6 Bd6 23. a4 Rd7 24. Nd4 (24. Rd1 $5 Rfd8 $8 25. Kf1 $11) 24... Rfd8 25. a5 bxa5 26. Ra6 Bc5 27. Rxa5 Bb6 28. Ra4 Rc8 29. Rb2 Rc5 30. g4 Rdc7 31. h3 Rc4 32. Rxc4 Rxc4 33. Nb5 Kg7 34. Rd2 Rc5 35. Nd6 Rc6 36. Ne4 h6 37. Rd7 Rc7 38. Rd3 Rc4 39. Kf3 Rc6 40. Rd7 Kf8 41. Ke2 Rc7 42. Rd3 Ke7 43. h4 Rc4 44. Kf3 a5 45. Nc3 Ke6 46. Nd5 Bc7 47. e4 a4 48. Ne3 (48. g5 $1 $11 {remains equal.}) 48... Rc6 $17 49. Ra3 Ra6 50. Nc4 Bd6 $1 51. Ra2 {[%emt 0:00:02] [#]} Be7 $1 52. h5 gxh5 53. gxh5 Kf6 54. Kg4 a3 55. f4 Bc5 56. Kf3 Ra4 57. Ne5 Bd4 58. Nd3 (58. Ng4+ $17 Kg7 59. Ke2) 58... Ke6 $19 59. f5+ Kd6 60. Ke2 {[%emt 0:00:34] [#]} f6 (60... Kc6 $1 $19 61. Kd2 Kb5) 61. Kd2 $17 Bc5 62. e5+ $2 (62. Kc1 $17) 62... fxe5 $19 63. Kc3 (63. Kc2 $142) 63... e4 $19 64. Kb3 Ra6 65. Nxc5 Kxc5 66. Rc2+ Kd4 67. Ka2 e3 68. Rc8 e2 69. Re8 Kd3 0-1